 Dungeon Sprint DCSS version 0.24.0-41-g2ae2f7f1be (webtiles) character file.

Game seed: 15796883711275162013, levelgen mode: deterministic

5 McKennaii the Chopper (level 4, 0/38 HPs)
             Began as a Demonspawn Fighter on Dec 10, 2019.
             Was a Follower of Makhleb.
             Slain by an orc
             ... wielding a +0 club
              (2 damage)
             ... in the Dungeon (Sprint VI: "Thunderdome").
             The game lasted 00:02:51 (170 turns).

McKennaii the Chopper (Demonspawn Fighter)           Turns: 170, Time: 00:02:52

Health: 0/38       AC:  9    Str: 19    XL:     4   Next: 47%
Magic:  4/4        EV:  7    Int: 10    God:    Makhleb [*.....]
Gold:   30         SH: 10    Dex: 16    Spells: 3/3 levels left

rFire    . . .     SeeInvis .   a - +0 war axe
rCold    . . .     Gourm    .   c - +0 shield
rNeg     . . .     Faith    .   b - +0 scale mail
rPois    .         Spirit   .   (no helmet)
rElec    +         Reflect  .   (no cloak)
rCorr    .         Harm     .   (no gloves)
MR       .....     NoTele   +   (no boots)
Stlth    ++........             s - amulet of Goecacug {Acrobat Str+2}
HPRegen  0.12/turn              p - ring "Qojum" {Wiz rF- Dex+4 Stlth+}
MPRegen  0.09/turn              r - ring "Demeor" {*Slow +Inv +Fly rElec rF+}

@: slowed, very slow
A: slimy green scales 1, nightstalker 1, rot immunity
a: Renounce Religion, Evoke Invisibility, Evoke Flight


You were in the Dungeon.
You worshipped Makhleb.
Makhleb was aware of your devotion.
You were not hungry.

You visited 1 branch You collected 210 gold pieces.
You spent 180 gold pieces at shops.

Inventory:

Hand Weapons
 a - a +0 war axe (weapon)
Armour
 b - a +0 scale mail (worn)
 c - a +0 shield (worn)
Jewellery
 p - the ring "Qojum" (left hand) {Wiz rF- Dex+4 Stlth+}
   (You bought it in a shop in the Dungeon)

   [ring of wizardry]

   It improves your spell success rate.
   It affects your dexterity (+4).
   It makes you vulnerable to fire.
   It makes you more stealthy.
 q - the ring "Rets" {+Inv rElec rC- Stlth-}
   (You bought it in a shop in the Dungeon)

   [ring of attention]

   It makes you vulnerable to cold.
   It insulates you from electricity.
   It lets you turn invisible.
   It makes you less stealthy.
 r - the ring "Demeor" (right hand) {*Slow +Inv +Fly rElec rF+}
   (You bought it in a shop in the Dungeon)

   [ring of protection from fire]

   It protects you from fire.
   It insulates you from electricity.
   It lets you turn invisible.
   It lets you fly.
   It may slow you when you take damage.
 s - the amulet of Goecacug (around neck) {Acrobat Str+2}
   (You bought it in a shop in the Dungeon)

   [amulet of the acrobat]

   It helps you evade while moving and waiting.
   It affects your strength (+2).
Wands
 l - a wand of acid (4)
 m - a wand of iceblast (5)
Scrolls
 k - 4 scrolls of blinking
 n - 3 scrolls of fog
Potions
 d - a potion of might
 e - 2 potions of curing
 g - 4 potions of heal wounds
 h - 4 potions of haste
 i - 2 potions of magic
 j - a potion of berserk rage
 o - a potion of resistance
Comestibles
 f - a ration


   Skills:
 + Level 4.9 Fighting
 * Level 5.2 Axes
 + Level 4.7 Armour
 + Level 0.6 Dodging
 + Level 4.4 Shields


You had 3 spell levels left.
You didn't know any spells.
Your spell library was empty.

Dungeon Overview and Level Annotations

Branches:
Dungeon (1/1)

Altars:
Cheibriados
Dithmenos
Fedhas
Gozag
Kikubaaqudgha
Makhleb
Okawaru
Qazlal
Ru
Sif Muna
Trog
Uskayaw
Vehumet
Wu Jian
Xom
Yredelemnul
Zin
The Shining One
Beogh
Jiyva
Lugonu

Shops:
D *[%??*?*:[((!!!!


Innate Abilities, Weirdness & Mutations

You are partially covered in slimy green scales. (AC +2)
You are slightly more attuned to the shadows.
You are immune to rotting.


Message History

You are too injured to fight recklessly!
Unknown command.
You are too injured to fight recklessly!
You closely miss the orc. You hit the orc. The orc hits you.
The orc hits you from afar with a +0 trident.
* * * LOW HITPOINT WARNING * * *
The orc hits you but does no damage. You block the orc's attack.
The orc hits you but does no damage. The orc hits you with a +0 club.
* * * LOW HITPOINT WARNING * * *
Unknown command.
You closely miss the orc. You barely miss the orc.
The orc barely misses you. x2
You block the orc's attack. The orc hits you.
* * * LOW HITPOINT WARNING * * *
Unknown command.
You closely miss the orc. You hit the orc but do no damage.
The orc barely misses you. The orc hits you but does no damage. x2
The orc hits you from afar with a +0 trident.
* * * LOW HITPOINT WARNING * * *
The orc hits you with a +0 club.
You die...

#∩.......∩# #_......._#
#_......._# #_......._#
###.........###
#⌠...........⌠#
#####.8.........8.######
∩__.......###...o.o___∩##
........8.# #.8.@).....∩###
..........###...)o........##
.......###...###....[.....⌠#
.......# #.<.# #..........⌠#
.......###...###..........⌠#
..........###.............##
........8.# #.8........∩###
∩.__......###......___∩##
#####(8.........8.######


You could see 3 orcs.

Vanquished Creatures
  Blork the orc (D)
  Jessica (D)
  2 orcs (D)
  A jackal (D)
  A kobold (D)
  A rat (D)
7 creatures vanquished.

Notes
Turn   | Place    | Note
-------+----------+-------------------------------------------
     0 | D        | McKennaii the Demonspawn Fighter began the quest for the
                  | Orb.
     0 | D        | Reached XP level 1. HP: 18/18 MP: 1/1
     2 | D        | Found a shimmering altar of Xom.
     3 | D        | Found an iron altar of Okawaru.
     3 | D        | Found a burning altar of Makhleb.
     4 | D        | Found a snail-covered altar of Cheibriados.
     5 | D        | Found Neomytz's Delicious Food.
     5 | D        | Found a corrupted altar of Lugonu.
     5 | D        | Found an ancient bone altar of Kikubaaqudgha.
     5 | D        | Found Geethryargh's Identification Station.
     5 | D        | Round 1.
     6 | D        | Found Juush's Jewellery.
     6 | D        | Found Fadghutruw's Advanced Armour.
    16 | D        | Bought a wavering platinum ring for 45 gold pieces
    16 | D        | Bought a faintly glowing copper ring for 45 gold pieces
    16 | D        | Bought a wavering amber ring for 45 gold pieces
    16 | D        | Bought a pitted steel amulet for 45 gold pieces
    16 | D        | Identified the ring "Qojum" {Wiz rF- Dex+4 Stlth+} (You
                  | bought it in a shop in the Dungeon)
    17 | D        | Identified the ring "Rets" {+Inv rElec rC- Stlth-} (You
                  | bought it in a shop in the Dungeon)
    19 | D        | Identified the ring "Demeor" {*Slow +Inv +Fly rElec rF+}
                  | (You bought it in a shop in the Dungeon)
    20 | D        | Identified the amulet of Goecacug {Acrobat Str+2} (You
                  | bought it in a shop in the Dungeon)
    31 | D        | Found a glowing golden altar of the Shining One.
    35 | D        | Found a sacrificial altar of Ru.
    35 | D        | Found Bosiopr Yvve's Premium Goods.
    35 | D        | Found Vototom's Miscellaneous Merchandise.
    36 | D        | Found Joozxosu's Basic Armour.
    37 | D        | Found a glowing silver altar of Zin.
    37 | D        | Found an ornate altar of the Wu Jian Council.
    37 | D        | Found a shadowy altar of Dithmenos.
    37 | D        | Found Usoar's Weapon Rack.
    40 | D        | Reached skill level 2 in Axes
    54 | D        | Found a hide-covered altar of Uskayaw.
    56 | D        | Found a stormy altar of Qazlal.
    56 | D        | Found a shimmering blue altar of Sif Muna.
    56 | D        | Found Duurch's Do-It-Yourself Clinic.
    56 | D        | Found Saclely's Bottled Wisdom.
    57 | D        | Found Fodwess's Distillery.
    57 | D        | Noticed Jessica
    58 | D        | Found a radiant altar of Vehumet.
    58 | D        | Found a basalt altar of Yredelemnul.
    58 | D        | Found an opulent altar of Gozag.
    58 | D        | Found Zophux's Distillery.
    67 | D        | Killed Jessica
    67 | D        | Reached skill level 3 in Axes
    67 | D        | Gained mutation: You are partially covered in slimy green
                  | scales. (AC +2) [demonic ancestry]
    67 | D        | Reached XP level 2. HP: 23/25 MP: 2/2
    69 | D        | Found a roughly hewn altar of Beogh.
    70 | D        | Found a bloodstained altar of Trog.
    71 | D        | Found a blossoming altar of Fedhas.
    75 | D        | Gained mutation: You are immune to rotting. [demonic
                  | ancestry]
    75 | D        | Reached XP level 3. HP: 29/30 MP: 3/3
    98 | D        | Found a viscous altar of Jiyva.
    98 | D        | Found Fuahok's Staff Store.
    98 | D        | Found Cunaashe's Magic Scroll Shop.
    99 | D        | Found Ephuk's Must-Have Magic.
    99 | D        | Found Woite's Magic Scroll Shop.
   123 | D        | Became a worshipper of Makhleb the Destroyer
   140 | D        | Arena points: 5 (+5) [x1]
   155 | D        | Round 2.
   157 | D        | Noticed Blork the orc
   167 | D        | Killed Blork the orc
   167 | D        | Reached * piety under Makhleb
   167 | D        | Reached skill level 5 in Axes
   167 | D        | Gained mutation: You are slightly more attuned to the
                  | shadows. [demonic ancestry]
   167 | D        | Reached XP level 4. HP: 23/38 MP: 4/4
   170 | D        | Slain by an orc

Levels and vault maps discovered:
D:        arena_sprint

Skill      XL: |  1  2  3 |
---------------+----------+-----
Axes           | 3 5 |  5.2
Fighting       | 4 |  4.9
Armour         | 3 4 |  4.7
Shields        | 3 4 |  4.4
Dodging        | |  0.6

Action                   |  1- 3 |  4- 6 || total
-------------------------+-------+-------++-------
Melee: War axe           |    20 |     3 ||    23
Evoke: Wand              |     1 |       ||     1
Armor: Scale mail        |    12 |     4 ||    16
Dodge: Dodged            |    16 |     4 ||    20
Block: Shield            |    18 |     4 ||    22
